 Dungeon Crawl Stone Soup version 0.30-a0-218-gedb9141078 (webtiles) character file.

Game seed: 8085885054826139169

35 Morbidden the Trooper (level 3, -2/33 HPs)
             Began as a Minotaur Fighter on Oct 5, 2022.
             Slain by Terence
             ... wielding a +4 hand axe of flaming
              (4 damage)
             ... on level 3 of the Dungeon.
             The game lasted 00:01:20 (2168 turns).

Morbidden the Trooper (Minotaur Fighter)            Turns: 2168, Time: 00:01:21

Health: -2/33      AC:  7    Str: 22    XL:     3   Next: 17%
Magic:  2/2        EV:  5    Int:  5    God:
Gold:   160        SH:  8    Dex:  9    Spells: 2/2 levels left

rFire   . . .      SeeInvis .    a - +0 trident
rCold   . . .      Faith    .    p - +0 kite shield
rNeg    . . .      Spirit   .    o - +0 scale mail
rPois   .          Reflect  .    (helmet restricted)
rElec   .          Harm     .    (no cloak)
rCorr   .          Rampage  .    (no gloves)
Will    .....                    (no boots)
Stlth   ..........               (no amulet)
HPRegen 0.25/turn                (no ring)
MPRegen 0.08/turn                (no ring)

@: constricted
A: horns 2, retaliatory headbutt
a: no special abilities


You were on level 3 of the Dungeon.
You visited 1 branch of the dungeon, and saw 3 of its levels.

You collected 160 gold pieces.

Inventory:

Hand Weapons
 a - a +0 trident (weapon)
 b - a +3 flail
Missiles
 q - 6 boomerangs (quivered)
Armour
 o - a +0 scale mail (worn)
 p - a +0 kite shield (worn)
Scrolls
 c - a scroll of noise {unknown}
 e - 2 scrolls of magic mapping {unknown}
 h - a scroll of vulnerability {unknown}
 i - a scroll of amnesia {unknown}
 k - 2 scrolls of teleportation {unknown}
 r - a scroll of identify {unknown}
Potions
 d - a potion of might
 f - 3 potions of heal wounds {unknown}
 g - 2 potions of ambrosia {unknown}
 j - a potion of lignification {unknown}
 l - a potion of flight {unknown}
 m - a potion of curing {unknown}
 n - 2 potions of haste {unknown}


   Skills:
 * Level 4.2 Fighting
 * Level 0.1(1.5) Axes
 * Level 0.2(0.3) Maces & Flails
 * Level 2.6 Polearms
 * Level 4.2 Armour
 * Level 0.1 Dodging
 * Level 4.0 Shields


You had 2 spell levels left.
You didn't know any spells.
Your spell library contained the following spells:

 Spells                   Type           Power      Damage    Failure   Level
 Sandblast                Erth           0%         2d4       99%         1
 Passwall                 Tmut/Erth      0%         N/A       99%         2
 Stone Arrow              Conj/Erth      0%         3d7       100%        3


Dungeon Overview and Level Annotations

Branches:
Dungeon (3/15)

Altars:
Nemelex Xobeh

Shops:
D:2 !

Annotations:
D:2 1 runed translucent door, Crazy Yiuf
D:3 Terence


Innate Abilities, Weirdness & Mutations

You have a pair of horns on your head.
You reflexively headbutt those who attack you in melee.


Message History

Terence hits you with a +4 hand axe of flaming.
Terence burns you.
You hit Terence but do no damage. You headbutt Terence.
Terence is moderately wounded.
The ball python bites you but does no damage.
The ball python grabs you. The ball python constricts you.
The ball python bites you but does no damage.
The ball python constricts you.
Terence hits you with a +4 hand axe of flaming.
Terence burns you.
You are too injured to fight recklessly!
Unknown command.
You are too injured to fight recklessly!
Unknown command.
You are too injured to fight recklessly!
Unknown command.
You are too injured to fight recklessly!
Unknown command.
You hit Terence but do no damage. You headbutt Terence, but do no damage.
Terence is moderately wounded.
The ball python bites you but does no damage.
The ball python constricts you. You block Terence's attack.
The ball python bites you but does no damage.
The ball python constricts you.
You closely miss Terence.
Terence is moderately wounded.
Terence hits you with a +4 hand axe of flaming!
* * * LOW HITPOINT WARNING * * *
Terence burns you.
* * * LOW HITPOINT WARNING * * *
You block the ball python's attack. The ball python constricts you.
You block Terence's attack.
You barely miss Terence.
Terence is moderately wounded.
The ball python bites you.
* * * LOW HITPOINT WARNING * * *
The ball python constricts you.
* * * LOW HITPOINT WARNING * * *
Terence hits you with a +4 hand axe of flaming.
You die...

... .. ..##.
###....###
.........
≈≈≈≈≈≈≈..
.......≈r#
..≈.#####.S@#
#.≈.....#.≈@#
#.≈.#._.#.≈.##
#.≈.#.....≈..#
#.≈.#####.≈..#
#.≈.......≈..#
#.≈≈≈≈≈≈≈≈...#
###............#
#..............#
#.##############


You could see Terence, a ball python and a rat.

Vanquished Creatures
  An adder (D:2)
  A dart slug (D:2)
  4 ball pythons
  3 bats
  3 endoplasms
  3 goblins
  2 hobgoblins
  3 kobolds
  A frilled lizard (D:2)
  4 rats
25 creatures vanquished.

Notes
Turn   | Place    | Note
-------+----------+-------------------------------------------
     0 | D:1      | Morbidden the Minotaur Fighter began the quest for the Orb.
     0 | D:1      | Reached XP level 1. HP: 19/19 MP: 0/0
   550 | D:1      | Reached XP level 2. HP: 25/27 MP: 1/1
   997 | D:2      | Found Zenoc's Distillery.
  1483 | D:2      | Found a faded altar of an unknown god.
  1527 | D:2      | Reached XP level 3. HP: 33/33 MP: 2/2
  1816 | D:2      | Found a runed translucent door.
  1817 | D:2      | Noticed Crazy Yiuf
  2132 | D:3      | Found a sparkling altar of Nemelex Xobeh.
  2157 | D:3      | Noticed Terence
  2168 | D:3      | Slain by Terence

Illustrated notes

Levels and vault maps discovered:
D:1:      psy_arrival_radial01, layout_basic
D:2:      minmay_angry_zag, layout_loops_corners,
          shapermc_ecumenical_altar_starsandcircs, serial_shops, shop,
          palyth_stone_intersect, uniq_crazy_yiuf_cottage
D:3:      layout_basic, mainiacjoe_overflow_brackets, ebering_ghost_inner_flame,
          uniq_terence

Skill      XL: |  1  2 |
---------------+-------+-----
Fighting       | 4 |  4.2
Armour         | 4 |  4.2
Shields        | 4 |  4.0
Axes           | |  0.1
Maces & Flails | |  0.2
Polearms       | |  2.6
Dodging        | |  0.1

Action                   || total
-------------------------++-------
Melee: Trident           ||    64
       Headbutt          ||     6
Armor: Scale mail        ||    25
Dodge: Dodged            ||    13
Block: Buckler           ||     2
       Kite shield       ||    11

Table legend: (Time is in decaauts)
 A = Elapsed time spent in this place.
 B = Non-inter-level travel time spent in this place.
 C = Inter-level travel time spent in this place.
 D = Time resting spent in this place.
 E = Time spent auto-exploring this place.
 F = Levels seen in this place.
 G = Mean time per level.
                   A        B        C        D        E       F      G
               +--------+--------+--------+--------+--------+-----+--------+
         Total |   2186 |   2067 |    119 |      0 |   1863 |   3 |  728.7 |
       Dungeon |   2186 |   2067 |    119 |      0 |   1863 |   3 |  728.7 |
               +--------+--------+--------+--------+--------+-----+--------+

Top non-repeatable levels by time:
     D:2: 1189 daAuts
     D:1: 932 daAuts
     D:3: 64 daAuts
